 Dungeon Crawl Stone Soup version 0.27-a0-1202-ge72e49191c (webtiles) character file.

Game seed: 5776485774074388536

2954 27snakeeyes612 the Spear-Bearer (level 9, -2/127 HPs)
             Began as a Naga Berserker on June 2, 2021.
             Was an Elder of Trog.
             Slain by a killer bee (4 damage)
             ... on level 8 of the Dungeon.
             The game lasted 00:07:49 (7427 turns).

27snakeeyes612 the Spear-Bearer (Naga Berserker)    Turns: 7427, Time: 00:07:49

Health: -2/127     AC:  9    Str: 23    XL:     9   Next: 81%
Magic:  9/9        EV: 11    Int:  7    God:    Trog [****..]
Gold:   423        SH:  0    Dex: 13    Spells: 8/8 levels left

rFire    + . .     SeeInvis +   e - +0 halberd
rCold    . . .     Faith    +   (shield currently unavailable)
rNeg     . . .     Spirit   .   m - +1 chain mail
rPois    +         Reflect  .   (no helmet)
rElec    .         Harm     .   (no cloak)
rCorr    .         Rampage  .   (no gloves)
Will     +++..                  (no barding)
Stlth    ..........             k - amulet of Puheskarr {Faith Will++ Regen+ Dex+2}
HPRegen  1.31/turn              c - ring of protection from fire
MPRegen  0.11/turn              d - +4 ring of evasion

@: berserking (expiring), lethally poisoned (-2 -> -2), quick
A: AC +3, large, see invisible, deformed body, poison resistance, slowness 2,
spit poison 1, naga tail 1
a: Spit Poison, Renounce Religion, Berserk, Trog's Hand, Brothers in Arms


You were on level 8 of the Dungeon.
You worshipped Trog.
Trog was greatly pleased with you.
You visited 1 branch of the dungeon, and saw 8 of its levels.

You collected 423 gold pieces.

Inventory:

Hand Weapons
 a - a +1 spear
 e - a +0 halberd (weapon)
Armour
 i - a +0 leather armour
 m - a +1 chain mail (worn)
 n - a +2 buckler
Jewellery
 c - a ring of protection from fire (left hand)
 d - a +4 ring of evasion (right hand)
 k - the amulet of Puheskarr (around neck) {Faith Will++ Regen+ Dex+2}
   (You acquired it on level 5 of the Dungeon)

   [amulet of faith]

   It allows you to gain divine favour quickly.
   It affects your dexterity (+2).
   It increases your rate of health regeneration.
   It greatly increases your willpower.
 t - an amulet of regeneration
 z - a ring of fire
 A - an amulet of the acrobat
 C - an amulet of guardian spirit
Wands
 b - a wand of digging (4)
 p - a wand of flame (14)
 s - a wand of iceblast (28)
Scrolls
 g - 5 scrolls of identify
 o - 3 scrolls of teleportation
 B - 2 scrolls of blinking
Potions
 f - a potion of mutation
 h - 2 potions of cancellation {unknown}
 j - 3 potions of attraction {unknown}
 l - 3 potions of flight {unknown}
 q - a potion of lignification
 u - 4 potions of curing {unknown}
 v - 2 potions of invisibility {unknown}
 w - a potion of heal wounds
 x - 2 potions of degeneration {unknown}


   Skills:
 + Level 6.6 Fighting
 + Level 8.4 Polearms
 + Level 5.0 Armour
 + Level 4.4 Dodging
 + Level 5.6 Stealth
 + Level 2.0 Shields


You had 8 spell levels left.
You didn't know any spells.
Your spell library was empty.

Dungeon Overview and Level Annotations

Branches:
Dungeon (8/15)             Temple (0/1) D:5
   Lair: D:8-11

Altars:
Ashenzari

Shops:
D:3 *


Innate Abilities, Weirdness & Mutations

Your serpentine skin is tough. (AC +3)
You have supernaturally acute eyesight. (SInv)
Armour fits poorly on your strangely shaped body.
Your system is resistant to poisons. (rPois)
You cover ground very slowly.
You can spit poison.
You have a snake-like lower body.


Message History

You barely miss the killer bee.
The killer bee is severely wounded.
The killer bee stings you but does no damage.
The killer bee stings you.
* * * LOW HITPOINT WARNING * * *
The killer bee stings you.
* * * LOW HITPOINT WARNING * * *
You are poisoned.
The killer bee poisons you!
The killer bee stings you but does no damage.
You closely miss the killer bee.
The killer bee is severely wounded.
You feel sick. The killer bee stings you.
* * * LOW HITPOINT WARNING * * *
The killer bee closely misses you.
The killer bee stings you but does no damage.
You miss the killer bee.
The killer bee is severely wounded.
You feel sick. The killer bee barely misses you. The killer bee stings you.
* * * LOW HITPOINT WARNING * * *
The killer bee barely misses you. The killer bee closely misses you. x2
The killer bee stings you.
* * * LOW HITPOINT WARNING * * *
You barely miss the killer bee.
The killer bee is severely wounded.
You feel sick. The killer bee barely misses you.
The killer bee closely misses you. x2
Your chain mail prevents you from hitting the killer bee.
The killer bee is severely wounded.
You feel sick. The killer bee stings you.
* * * LOW HITPOINT WARNING * * *
The killer bee closely misses you. The killer bee stings you.
* * * LOW HITPOINT WARNING * * *
The killer bee stings you but does no damage.
The killer bee barely misses you. The killer bee stings you.
* * * LOW HITPOINT WARNING * * *
You miss the killer bee.
The killer bee is severely wounded.
You feel sick. The killer bee completely misses you. The killer bee stings you.
You die...

...... ........#.....##.
....#............
...##...........##
...#.....##......#
..........##....#
................# ##(.
...............y###.#...
......##.......y@.......
...####........##y......
...##.....#.............
..###.##..##............
...##.....##............
...##.....#...........#.
.#........#..##....##..#
.#.........#..######....
....#....#.#...##.......


You could see 3 killer bees.

Vanquished Creatures
  Joseph (D:7)
  Grum (D:7)
  Menkaure (D:5)
  2 sky beasts
  An orc warrior (D:7)
  A necrophage (D:7)
  3 ogres
  2 wolves (D:8)
  2 phantoms
  2 bullfrogs (D:7)
  2 scorpions (D:6)
  A wyvern zombie (D:7)
  A killer bee (D:8)
  4 wights (D:6)
  2 hounds (D:4)
  3 centaur zombies
  A bullfrog zombie (D:4)
  A jelly (D:4)
  A gnoll shaman (D:5)
  3 orc priests
  A centaur skeleton (D:4)
  Jessica (D:3)
  2 orc wizards
  Ijyb (D:3)
  Natasha (thrice) (D:3)
  6 iguanas
  A hound zombie (D:5)
  A hound skeleton (D:5)
  A howler monkey skeleton (D:6)
  4 gnolls (D:5)
  4 adders
  2 white imps
  2 ufetubi (D:4)
  An adder skeleton (D:4)
  3 worms
  6 dart slugs
  14 orcs
  4 bats
  5 endoplasms
  2 giant cockroaches (D:1)
  11 goblins
  6 hobgoblins
  10 jackals
  10 kobolds
  8 quokkas
  9 ball pythons
  A frilled lizard (D:1)
  3 rats
157 creatures vanquished.

Notes
Turn   | Place    | Note
-------+----------+-------------------------------------------
     0 | D:1      | 27snakeeyes612 the Naga Berserker began the quest for the
                  | Orb.
     0 | D:1      | Reached XP level 1. HP: 21/21 MP: 1/1
    90 | D:1      | Reached XP level 2. HP: 18/28 MP: 2/2
  1006 | D:1      | Reached XP level 3. HP: 34/34 MP: 3/3
  1015 | D:1      | Reached ** piety under Trog
  1847 | D:2      | Reached XP level 4. HP: 44/44 MP: 4/4
  2381 | D:3      | Noticed Jessica
  2389 | D:3      | Killed Jessica
  2390 | D:3      | Reached skill level 4 in Polearms
  2466 | D:3      | Found Jeukupt's Assorted Antiques.
  2497 | D:3      | Noticed Natasha
  2506 | D:3      | Killed Natasha
  2507 | D:3      | Reached XP level 5. HP: 24/50 MP: 5/5
  2518 | D:3      | Noticed Natasha
  2680 | D:3      | Killed Natasha
  2681 | D:3      | Reached skill level 1 in Stealth
  2802 | D:3      | Noticed Natasha
  2809 | D:3      | Killed Natasha
  3036 | D:3      | Noticed Ijyb
  3053 | D:3      | Killed Ijyb
  3053 | D:3      | Reached *** piety under Trog
  3201 | D:3      | Reached XP level 6. HP: 52/57 MP: 6/6
  3844 | D:4      | Reached XP level 7. HP: 66/66 MP: 7/7
  3846 | D:4      | Reached skill level 5 in Polearms
  3846 | D:4      | Reached skill level 1 in Shields
  4214 | D:5      | Entered Level 5 of the Dungeon
  4324 | D:5      | Identified a scroll of acquirement
  4324 | D:5      | Acquired the amulet of Puheskarr {Faith Will++ Regen+
                  | Dex+2}
  4330 | D:5      | Noticed Menkaure
  4341 | D:5      | Killed Menkaure
  4419 | D:5      | Reached skill level 5 in Fighting
  4449 | D:5      | Reached XP level 8. HP: 74/74 MP: 8/8
  4568 | D:5      | Reached **** piety under Trog
  4579 | D:5      | Reached skill level 6 in Polearms
  4747 | D:5      | Found a staircase to the Ecumenical Temple.
  5710 | D:6      | Found a broken altar of Ashenzari.
  6411 | D:6      | Reached XP level 9. HP: 78/82 MP: 9/9
  6500 | D:7      | Reached skill level 7 in Polearms
  7093 | D:8      | Noticed Grum
  7094 | D:8      | Noticed Joseph
  7099 | D:8      | Reached skill level 5 in Stealth
  7110 | D:7      | Reached ***** piety under Trog
  7150 | D:7      | Killed Grum
  7151 | D:7      | Reached skill level 8 in Polearms
  7341 | D:7      | Killed Joseph
  7416 | D:8      | Reached skill level 5 in Armour
  7426 | D:8      | HP: 6/127 [killer bee (6)]
  7426 | D:8      | HP: 2/127 [killer bee (4)]
  7427 | D:8      | Slain by a killer bee

Illustrated notes

Levels and vault maps discovered:
D:1:      tarquinn_simple_flora_water_e, layout_loops_ring
D:2:      layout_basic, st_stairs_6, chequers_serial_rivers_micro_e,
          grunt_ministairs_14, minivault_5
D:3:      layout_rooms, serial_shops, shop, uniq_ijyb, uniq_jessica,
          uniq_natasha
D:4:      minmay_chambers_of_threes, layout_cave_pools
D:5:      layout_basic, minmay_temple_entry_junction, uniq_menkaure
D:6:      layout_basic, nicolae_ashenzari_skybound
D:7:      layout_basic
D:8:      layout_cave_pools, uniq_grum, uniq_joseph

Skill      XL: |  1  2  3  4  5  6  7  8  9 |
---------------+----------------------------+-----
Polearms       | 4 5 6 8 |  8.4
Armour         | 2 3 4 5 |  5.0
Dodging        | 2 3 4 |  4.4
Stealth        | 1 2 4 5 |  5.6
Fighting       | 4 5 6 |  6.6
Shields        | 1 2 |  2.0

Action                   |  1- 3 |  4- 6 |  7- 9 || total
-------------------------+-------+-------+-------++-------
Melee: Spear             |   100 |   185 |   155 ||   440
       Halberd           |       |       |   218 ||   218
Invok: Berserk           |     1 |     7 |     9 ||    17
       Trog's Hand       |       |       |     1 ||     1
 Abil: Spit Poison       |    19 |    35 |    10 ||    64
  Use: Scroll            |       |       |    12 ||    12
       Potion            |       |       |     1 ||     1
 Stab: Sleeping          |     1 |       |     6 ||     7
Armor: Animal skin       |     6 |       |       ||     6
       Leather armour    |     5 |    36 |    64 ||   105
       Skin              |       |       |     1 ||     1
       Chain mail        |       |       |    53 ||    53
Dodge: Dodged            |    43 |    70 |   254 ||   367
Block: Buckler           |     1 |    39 |    30 ||    70

Table legend: (Time is in decaauts)
 A = Elapsed time spent in this place.
 B = Non-inter-level travel time spent in this place.
 C = Inter-level travel time spent in this place.
 D = Time resting spent in this place.
 E = Time spent auto-exploring this place.
 F = Levels seen in this place.
 G = Mean time per level.
                   A        B        C        D        E       F      G
               +--------+--------+--------+--------+--------+-----+--------+
         Total |   9377 |   9243 |    134 |    907 |   6845 |   8 | 1172.1 |
       Dungeon |   9377 |   9243 |    134 |    907 |   6845 |   8 | 1172.1 |
               +--------+--------+--------+--------+--------+-----+--------+

Top non-repeatable levels by time:
     D:1: 1619 daAuts
     D:6: 1544 daAuts
     D:3: 1373 daAuts
     D:5: 1264 daAuts
     D:2: 1188 daAuts
     D:4: 1117 daAuts
     D:7: 1058 daAuts
     D:8: 211 daAuts
